 Dungeon Crawl Stone Soup version bcrawl-1.21.2-1-g32d02e0829 (webtiles) character file.

Game seed: 16866999045028572588

345 Artagas the Sneak (level 6, -1/30 HPs)
             Began as a Spriggan Spelunker on Feb 18, 2020.
             Killed by divine providence
             ... invoked by an orc priest
              (15 damage)
             ... on level 4 of the Dungeon.
             The game lasted 00:15:38 (4595 turns).

Artagas the Sneak (Spriggan Spelunker)              Turns: 4595, Time: 00:15:38

Health: -1/30      AC:  5    Str:  8    XL:     6   Next: 32%
Magic:  11/11      EV: 20    Int: 13    God:
Gold:   101        SH:  0    Dex: 18    Spells: 7/10 levels left

rFire    . . .     SeeInvis +   z - +2 dagger (vamp)
rCold    . . .     Gourm    .   (shield restricted)
rNeg     . . .     Faith    .   b - +1 robe
rPois    .         Spirit   .   (helmet restricted)
rElec    .         Reflect  .   y - +1 cloak
rCorr    .         Harm     .   (gloves unavailable)
MR       +....                  (boots unavailable)
Stlth    ++++......             (no amulet)
HPRegen  0.10/turn              j - ring of flight
MPRegen  0.12/turn              t - ring of flight

@: very quick
A: very small, unfitting armour, see invisible, herbivore, speed 3, slow
metabolism 2
a: Evoke Flight


You were on level 4 of the Dungeon.
You were not hungry.

You visited 1 branch of the dungeon, and saw 4 of its levels.

You collected 241 gold pieces.
You spent 140 gold pieces at shops.

Inventory:

Hand Weapons
 a - a cursed -2 dagger
   (You found it on level 4 of the Dungeon)
 z - a +2 vampiric dagger (weapon)
   (You took it off a goblin on level 2 of the Dungeon)
Missiles
 g - 609 sling bullets
 i - 556 arrows
 x - 703 stones (quivered)
 D - 15 curare-tipped needles
Armour
 b - a +1 robe (worn)
 y - a +1 cloak (worn)
   (You found it on level 2 of the Dungeon)
Jewellery
 j - a ring of flight (left hand)
   (You found it on level 1 of the Dungeon)
 t - a ring of flight (right hand)
   (You found it on level 2 of the Dungeon)
 u - an uncursed ring of flight
   (You found it on level 2 of the Dungeon)
 G - an uncursed amulet of regeneration {unknown}
   (You found it on level 4 of the Dungeon)
Wands
 v - a wand of digging (10)
Scrolls
 c - a scroll of amnesia {unknown}
 f - a scroll of noise
 l - a scroll of enchant weapon
 n - 2 scrolls of enchant armour
 p - a scroll of teleportation {unknown}
 r - a scroll of identify
 A - a scroll of fear {unknown}
 B - a scroll of immolation {unknown}
 E - a scroll of fog {unknown}
 H - a scroll of remove curse
Potions
 h - a potion of haste
 k - a potion of flight
 m - 4 potions of lignification
 o - a potion of cancellation
 q - 3 potions of curing
 s - a potion of agility
 w - a potion of heal wounds
 C - a potion of ambrosia {unknown}
 F - a potion of berserk rage
Miscellaneous
 d - a lamp of fire (inert)
Comestibles
 e - 10 rations {!d}


   Skills:
 - Level 1.5 Fighting
 + Level 5.2 Short Blades
 + Level 4.6 Dodging
 + Level 7.8 Stealth
 - Level 2.6 Spellcasting
 - Level 2.4 Hexes
 - Level 2.6 Transmutations
 - Level 1.7 Earth Magic
 - Level 2.6 Evocations


You had 7 spell levels left.
You knew the following spells:

 Your Spells              Type           Power        Failure   Level  Hunger
a - Corona                Hex            #......      9%          1    #......
b - Passwall              Tmut/Erth      #.......     14%         2    ###....
Your spell library was empty.

Dungeon Overview and Level Annotations

Branches:
Dungeon (4/12)             Temple (0/1) D:4

Altars:
Ashenzari
Hepliaklqana
Ru

Shops:
D:4 !


Innate Abilities, Weirdness & Mutations

You are very small and have problems with some larger weapons.
You are too small for most types of armour.
You have supernaturally acute eyesight. (SInv)
You are a herbivore.
You cover ground extremely quickly.
You need to consume almost no food.


Message History

The adder is heavily wounded.
The adder bites you.
You are poisoned.
The adder poisons you!
You hit the adder.
You feel better.
The adder is severely wounded.
You feel sick. The adder bites you but does no damage.
You hit the adder.
The adder is almost dead.
The adder misses you.
You hit the adder.
You feel better.
You kill the adder!
You feel sick.
You start resting.
You feel sick.
Magic restored.
The hound skeleton is too close now for your liking.
A hound skeleton is nearby!
You see here an adder corpse.
You feel sick.
You feel sick.
You strike the helpless hound skeleton from behind!
You impale the hound skeleton!!
You destroy the hound skeleton!
You start resting.
You feel sick.
The orc is too close now for your liking.
The orc misses you.
You hit the orc.
You feel better.
The orc is lightly wounded.
You closely miss the orc.
The orc is lightly wounded.
The orc completely misses you.
You hit the orc.
The orc is severely wounded.
You feel sick. The orc misses you.
You hit the orc.
You kill the orc!
Items here: ! $ ) [ † a cursed +0 dagger; a cursed +0 leather armour; 2 potions of heal wounds 14 gold pieces; an orc corpse An orc is nearby!
An orc comes into view. It is wielding a +0 flail.
Throwing (i - inventory)
x - 706 stones (quivered)
Press: ? - help, Shift-Dir - straight line, f - orc
Aim: an orc, wielding a +0 flail and wearing a +0 leather armour (hasn't noticed you)
You throw a stone. The stone barely misses the orc.
The orc shouts! x2; You hear a shout!
The hound barks!
You hear a shout!
You feel sick.
You are no longer poisoned.
Items here: ! $ ) [ † a cursed +0 dagger; a cursed +0 leather armour; 2 potions of heal wounds 14 gold pieces; an orc corpse You see here an adder corpse.
An orc is nearby!
You closely miss the orc. The orc misses you.
Evoke which item? (* to show all) (? for menu, Esc to quit)
Aim the lamp in which direction?
Press: ? - help, Dir - move target cursor, f - orc priest, p - orc
Aim: an orc priest, wearing a +0 chain mail (hasn't noticed you)
The flames dance!
The trail of fire hits the orc!
You kill the orc!
The trail of fire hits the hound.
The hound is moderately wounded.
The trail of fire hits the orc.
The orc is heavily wounded.
The trail of fire hits the ogre!
The ogre is heavily wounded.
The trail of fire hits the orc priest.
The orc priest is moderately wounded.
The orc priest shouts!
The hound is engulfed in blazing flames.
The orc is engulfed in blazing flames.
You kill the orc!
The hound is engulfed in blazing flames.
You kill the hound!
Your Short Blades skill increases to level 5!
Your Dodging skill increases to level 4!
The ogre is engulfed in blazing flames.
You kill the ogre!
You have reached level 6!
Your experience leads to an increase in your attributes!
Increase (S)trength, (I)ntelligence, or (D)exterity?
You feel agile.
The orc priest is engulfed in blazing flames.
The orc priest calls down the wrath of Beogh upon you.
Beogh smites you!
Throwing (i - inventory)
x - 705 stones (quivered)
Press: ? - help, Shift-Dir - straight line, f/p - orc priest
Aim: an orc priest, wearing a +0 chain mail (flame, severely wounded)
You throw a stone.
The stone hits the orc priest but does no damage.
The orc priest is severely wounded.
Throwing (i - inventory)
x - 704 stones (quivered)
Press: ? - help, Shift-Dir - straight line, f/p - orc priest
Aim: an orc priest, wearing a +0 chain mail (flame, severely wounded)
You throw a stone. The stone barely misses the orc priest.
The orc priest calls down the wrath of Beogh upon you.
Beogh smites you!
Ouch! That really hurt!
You die...

##############
..........†..#
############.#########
#....>...#.....#
#.####.#.#.###.## #.#
#.#....#...### #.#
#....#.......# #.#
###....#...#.# #.#
#.#@###.##.# #.# #.#§#
#.##.### #######.### #.#☼#
#.##>..# ..........####.#☼#
#)##.#.# #######........#☼#
#..#.#.# ###....###§#
#..._..# #########..#..##o#
#.##.#.#
..........###.##☼###..#.#.#
#########..#.)#..o##..#...#


You could see an orc priest.

Vanquished Creatures
  An ogre (D:4)
  2 hounds (D:4)
  A hound skeleton (D:4)
  Robin (D:2)
  6 adders
  An ooze (D:3)
  2 worms
  7 dart slugs
  A leopard gecko (D:1)
  9 orcs
  4 giant cockroaches
  18 hobgoblins
  8 bats
  4 frilled lizards
  18 goblins
  A kobold (D:2)
  5 rats
89 creatures vanquished.

Notes
Turn   | Place    | Note
-------+----------+-------------------------------------------
     0 | D:1      | Artagas the Spriggan Spelunker began the quest for the Orb.
     0 | D:1      | Reached XP level 1. HP: 10/10 MP: 5/5
   126 | D:1      | Reached skill level 5 in Stealth
   158 | D:1      | HP: 1/10 [bat (1)]
   499 | D:1      | Reached XP level 2. HP: 14/14 MP: 6/6
   528 | D:1      | Reached skill level 3 in Short Blades
  1489 | D:2      | Found a hazy altar of Hepliaklqana.
  1962 | D:2      | Reached XP level 3. HP: 18/18 MP: 8/8
  2061 | D:2      | Reached skill level 1 in Dodging
  2251 | D:2      | Reached skill level 6 in Stealth
  2390 | D:2      | Noticed Robin
  2540 | D:2      | Killed Robin
  2540 | D:2      | Reached skill level 2 in Dodging
  2540 | D:2      | Reached XP level 4. HP: 22/22 MP: 3/9
  2887 | D:2      | Reached skill level 4 in Short Blades
  3356 | D:3      | Reached skill level 3 in Dodging
  3545 | D:3      | Reached XP level 5. HP: 25/25 MP: 10/10
  3718 | D:3      | Found a sacrificial altar of Ru.
  4118 | D:4      | Found a shattered altar of Ashenzari.
  4134 | D:4      | Noticed an ogre
  4218 | D:4      | Found Sergh's Distillery.
  4226 | D:4      | Bought a potion of heal wounds for 70 gold pieces
  4226 | D:4      | Bought a potion of berserk rage for 70 gold pieces
  4247 | D:4      | Reached skill level 7 in Stealth
  4527 | D:4      | Found a staircase to the Ecumenical Temple.
  4593 | D:4      | Reached skill level 5 in Short Blades
  4593 | D:4      | Reached skill level 4 in Dodging
  4593 | D:4      | Killed an ogre
  4593 | D:4      | Reached XP level 6. HP: 26/30 MP: 11/11
  4595 | D:4      | Killed from afar by an orc priest

Skill      XL: |  1  2  3  4  5 |
---------------+----------------+-----
Stealth        | 5 6 7 |  7.8
Short Blades   | 3 4 5 |  5.2
Dodging        | 2 3 4 |  4.6
Fighting       | |  1.5
Spellcasting   | |  2.6
Hexes          | |  2.4
Transmutations | |  2.6
Earth Magic    | |  1.7
Evocations     | |  2.6

Action                   |  1- 3 |  4- 6 || total
-------------------------+-------+-------++-------
Melee: Dagger            |   154 |   198 ||   352
Throw: Stone             |    12 |     7 ||    19
 Cast: Passwall          |     1 |       ||     1
       Corona            |    22 |    12 ||    34
Evoke: Lamp of fire      |     1 |     1 ||     2
  Use: Scroll            |     4 |     5 ||     9
 Stab: Sleeping          |    12 |    13 ||    25
       Distracted        |       |     1 ||     1
  Eat: Ration            |     2 |       ||     2
Armor: Robe              |    29 |    29 ||    58
Dodge: Dodged            |   115 |   107 ||   222

Levels and vault maps discovered:
D:1:      dpeg_arrival_tiny_g, layout_loops_ring
D:2:      cheibrodos_greedy_goblins, layout_basic, lemuel_crystal_altar,
          first_ration, uniq_robin
D:3:      minmay_general_purpose_star, layout_loops_cross,
          nicolae_ru_the_path_less_chosen
D:4:      layout_loops_ring, ashenzari_altar_1, minmay_temple_entry_slanted,
          serial_shops, shop, uniq_crazy_yiuf_cottage, uniq_purgy

Table legend:
 A = Turns spent in this place as a percentage of turns spent in the entire game.
 B = Non-inter-level travel turns spent in this place as a percentage of non-inter-level travel turns spent in the entire game.
 C = Inter-level travel turns spent in this place as a percentage of turns spent in this place.
 D = Turns resting spent in this place as a percentage of non-inter-level travel turns spent in this place.
 E = Turns spent auto-exploring this place as a percentage of non-inter-level travel turns spent in this place.
 F = Non-inter-level travel turns spent in this place divided by the number of levels of this place that you've seen.
                   A       B       C       D       E      F
               +-------+-------+-------+-------+-------+----------------------
         Total | 100.0 | 100.0 |   6.1 |  22.7 |  44.9 | 1078.5
       Dungeon | 100.0 | 100.0 |   6.1 |  22.7 |  44.9 | 1078.5
               +-------+-------+-------+-------+-------+----------------------

Table legend:
 A = Kills in this place as a percentage of kills in entire the game.
 B = Kills by you in this place as a percentage of kills by you in the entire game.
 C = Kills by friends in this place as a percentage of kills by friends in the entire game.
 D = Other kills in this place as a percentage of other kills in the entire game.
 E = Experience gained in this place as a percentage of experience gained in the entire game.
 F = Experience gained in this place divided by the number of levels of this place that you have seen.
                   A       B       C       D       E      F
               +-------+-------+-------+-------+-------+----------------------
         Total | 100.0 | 100.0 |   N/A |   N/A | 100.0 | 123.2
       Dungeon | 100.0 | 100.0 |   N/A |   N/A | 100.0 | 123.2
               +-------+-------+-------+-------+-------+----------------------
